AoeStats
← Odin

Nomad

507134160Analyzed
2v2 RM · 17d ago on Sep 16, 2026· 51m 9s· 4 players
Game mode
Random Map
Map size
176×176
Population
200
Speed
Normal
Resources
Standard
Victory
Conquest
Starting age
Dark Age
Ending age
Imperial Age
RankedLock teamsTeams togetherTeam positionsShared explorationLock speedFull tech treeHidden civsTurbo modeCheats
Victory
Defeat
🇨🇴 Persians · Colombia
769
+13
🇩🇰 Ethiopians · Denmark
660
+18
🇹🇷 Maya · Türkiye
711
-16
🇹🇷 Wu · Türkiye
690
-15
Genovese
11:21 Loom
13:50 Feudal Age
14:19 Double-Bit Axe
16:08 Horse Collar
18:19 Fishing Lines
26:52 Castle Age
25:03 Gold Mining
25:07 Stone Mining
27:08 Fletching
27:33 Forging
27:25 Padded Archer Armor
28:35 Wheelbarrow
28:27 Bow Saw
28:11 Gillnets
29:54 Hand Cart
29:25 Town Watch
32:08 Stone Shaft Mining
32:34 Heavy Plow
33:34 Squires
32:55 Eagle Warrior
34:00 Town Patrol
36:07 Ballistics
35:28 Treadmill Crane
38:27 Bodkin Arrow
38:50 Leather Archer Armor
42:45 Imperial Age
42:20 Iron Casting
41:45 Scale Mail Armor
44:06 Holcans
45:06 Two-Man Saw
45:44 Blast Furnace
45:55 Chemistry
45:02 Bracer
45:33 Pikeman
47:23 Halberdier
Ramizpaşa
12:20 Loom
17:07 Feudal Age
17:32 Fishing Lines
17:40 Double-Bit Axe
17:39 Horse Collar
26:55 Castle Age
24:48 Fletching
25:08 Forging
24:59 Padded Archer Armor
25:00 Scale Mail Armor
25:05 Scale Barding Armor
27:13 Bloodlines
27:46 Gillnets
27:51 Light Cavalry
28:31 Husbandry
31:24 Squires
31:13 Pikeman
33:12 Arson
34:51 Bodkin Arrow
36:53 Leather Archer Armor
39:05 Town Watch
39:56 Wheelbarrow
39:50 Red Cliffs Tactics
42:04 Ballistics
43:58 Iron Casting
44:06 Wheelbarrow
Fatt Damon
14:07 Feudal Age
14:40 Double-Bit Axe
16:13 Fishing Lines
25:50 Castle Age
27:12 Bow Saw
26:58 Gillnets
27:50 Wheelbarrow
27:39 Gold Mining
29:42 Squires
29:44 Town Watch
30:58 Forging
31:32 Medium Warships
31:49 Elite Skirmisher
31:56 Crossbowman
34:21 Horse Collar
36:41 Ballistics
36:17 Fletching
36:30 Husbandry
37:12 Scale Barding Armor
38:48 Hand Cart
39:29 Town Patrol
40:16 Scale Mail Armor
40:18 Padded Archer Armor
40:13 Bodkin Arrow
40:33 Loom
42:14 Royal Heirs
42:41 Chain Barding Armor
43:49 Thumb Ring
45:24 Iron Casting
49:02 Imperial Age
47:59 Chain Mail Armor
49:09 Murder Holes
49:56 Gold Shaft Mining
49:11 Cavalier
50:14 Conscription
49:22 Elite Shotel Warrior
51:18 Blast Furnace
Odin
14:14 Feudal Age
14:37 Double-Bit Axe
20:58 Castle Age
21:15 Scale Barding Armor
21:30 Husbandry
21:43 Forging
21:38 Scale Mail Armor
21:13 Light Cavalry
24:51 Wheelbarrow
25:04 Bloodlines
25:13 Bow Saw
24:56 Gold Mining
25:01 Stone Mining
24:54 Horse Collar
29:11 Heavy Plow
32:31 Hand Cart
36:23 Imperial Age
34:56 Chain Barding Armor
35:13 Iron Casting
34:56 Chain Mail Armor
36:19 Cavalier
39:16 Conscription
39:06 Savar
41:05 Crop Rotation
47:09 Ballistics
47:55 Chemistry
49:44 Elite War Elephant
Connection lost

Rejoining the realm…

Still unreachable

The connection could not be restored.

Session expired

The server has moved on; the page needs a fresh start.